AoeStats
← Muscle Boy

Yucatan

510334857Analyzed
3v3 RM · 13h ago on Sep 30, 2026· 55m 1s· 6 players
Game mode
Random Map
Map size
Normal (6 player)
Population
200
Speed
Normal
Resources
Standard
Victory
Conquest
Starting age
Dark Age
Ending age
Imperial Age
RankedLock teamsTeams togetherTeam positionsShared explorationLock speedFull tech treeHidden civsTurbo modeCheats
Victory
Defeat
🇻🇳 Khitans · Vietnam
802
+15
🇻🇳 Wu · Vietnam
768
+17
🇻🇳 Chinese · Vietnam
693
+20
🇷🇴 Danes · Romania
808
-18
🇧🇷 Franks · Brazil
804
-18
🇺🇸 Aztecs · United States
740
-16
Bwinthehouse
14:32 Feudal Age
18:43 Castle Age
16:42 Double-Bit Axe
16:40 Horse Collar
17:10 Stone Mining
17:12 Gold Mining
20:10 Heavy Plow
20:23 Bow Saw
20:06 Eagle Warrior
21:12 Squires
21:13 Loom
22:40 Gold Shaft Mining
25:25 Scale Mail Armor
27:48 Forging
30:39 Chain Mail Armor
34:09 Iron Casting
37:04 Wheelbarrow
39:02 Imperial Age
37:39 Wheelbarrow
40:23 Stone Shaft Mining
39:27 Capped Ram
40:32 Elite Eagle Warrior
41:37 Siege Ram
44:44 Blast Furnace
44:15 Plate Mail Armor
44:57 Hand Cart
45:11 Elite Jaguar Warrior
Cramunhão
3:26 Loom
10:16 Feudal Age
11:33 Wheelbarrow
10:46 Double-Bit Axe
11:02 Town Watch
11:30 Gold Mining
11:51 Stone Mining
19:31 Castle Age
20:35 Hand Cart
CeramicGoose42
8:07 Loom
14:00 Feudal Age
14:03 Man-at-Arms
16:03 Town Watch
16:54 Wheelbarrow
17:14 Forging
17:05 Scale Mail Armor
25:45 Castle Age
26:36 Pikeman
29:33 Horse Collar
29:42 Double-Bit Axe
31:44 Hand Cart
34:22 Iron Casting
38:37 Town Patrol
K o h i m e
13:01 Feudal Age
17:57 Double-Bit Axe
18:01 Horse Collar
19:30 Forging
19:25 Scale Barding Armor
23:19 Castle Age
22:23 Bloodlines
23:48 Light Cavalry
24:28 Husbandry
25:42 Iron Casting
32:40 Heavy Plow
32:53 Bow Saw
33:31 Coinage
34:27 Chain Barding Armor
35:19 Wheelbarrow
46:59 Imperial Age
44:46 Hand Cart
48:32 Heavy Hei Guang Cavalry
48:37 Hussar
Muscle Boy
14:05 Feudal Age
21:51 Double-Bit Axe
21:50 Horse Collar
26:43 Castle Age
28:37 Bow Saw
28:30 Heavy Plow
35:11 Imperial Age
32:39 Gold Mining
32:40 Stone Mining
32:39 Pikeman
34:42 Gold Shaft Mining
34:42 Stone Shaft Mining
36:31 Padded Archer Armor
36:22 Fletching
36:34 Scale Mail Armor
36:45 Forging
38:01 Wheelbarrow
37:00 Elite Chu Ko Nu
38:13 Conscription
38:46 Elite Fire Lancer
40:47 Two-Man Saw
41:08 Chain Mail Armor
41:30 Iron Casting
43:19 Plate Mail Armor
46:36 Arson
49:06 Blast Furnace
applerutz20052001
0:37 Loom
12:13 Feudal Age
15:41 Scale Barding Armor
17:32 Forging
20:15 Double-Bit Axe
29:55 Castle Age
27:53 Domestication
29:48 Stone Mining
29:53 Gold Mining
31:36 Light Cavalry
32:39 Chain Barding Armor
33:32 Wheelbarrow
33:23 Husbandry
36:09 Bow Saw
36:01 Pastoralism
42:14 Imperial Age
41:09 Stone Shaft Mining
42:32 Iron Casting
42:22 Hussar
43:41 Plate Barding Armor
43:40 Thumb Ring
44:01 Parthian Tactics
42:59 Crossbowman
45:40 Transhumance
46:12 Two-Man Saw
46:08 Elite Liao Dao
46:49 Fletching
46:59 Padded Archer Armor
48:30 Lamellar Armor
48:31 Ordo Cavalry
49:50 Chemistry
49:11 Ballistics
48:48 Bodkin Arrow
49:09 Leather Archer Armor
48:55 Scale Mail Armor
48:42 Gambesons
48:58 Squires
48:43 Arson
51:29 Chain Mail Armor
51:17 Bracer
51:47 Ring Archer Armor
53:37 Plate Mail Armor
52:59 Heated Shot
52:50 Treadmill Crane
53:06 Murder Holes
55:01 Pikeman
Connection lost

Rejoining the realm…

Still unreachable

The connection could not be restored.

Session expired

The server has moved on; the page needs a fresh start.